 Dungeon Crawl Stone Soup version 0.29.1-1-gd02db6906a (webtiles) character file.

Game seed: 15312792755415285301

202 Demigod47 the Cudgeller (level 5, -1/47 HPs)
             Began as a Minotaur Fighter on Oct 13, 2022.
             Slain by a jelly (3 damage)
             ... on level 5 of the Dungeon.
             The game lasted 00:04:38 (1991 turns).

Demigod47 the Cudgeller (Minotaur Fighter)          Turns: 1991, Time: 00:04:38

Health: -1/47      AC: -4    Str: 23    XL:     5   Next: 50%
Magic:  4/4        EV:  8    Int:  5    God:
Gold:   83         SH: 11    Dex:  9    Spells: 4/4 levels left

rFire   . . .      SeeInvis .   a - +0 flail
rCold   . . .      Faith    .   p - +3 kite shield of Trumpets {+Blink Will+ Stlth+}
rNeg    . . .      Spirit   .   b - +0 scale mail
rPois   .          Reflect  .   (helmet restricted)
rElec   .          Harm     .   (no cloak)
rCorr   .          Rampage  .   (no gloves)
Will    +....                   (no boots)
Stlth   +.........              (no amulet)
HPRegen 0.15/turn               (no ring)
MPRegen 0.09/turn               (no ring)

@: corroded
A: horns 2, retaliatory headbutt
a: Evoke Blink


You were on level 5 of the Dungeon.
You visited 1 branch of the dungeon, and saw 4 of its levels.

You collected 83 gold pieces.

Inventory:

Hand Weapons
 a - a +0 flail (weapon)
Armour
 b - a +0 scale mail (worn)
 c - a +0 buckler
 p - the +3 kite shield of Trumpets (worn) {+Blink Will+ Stlth+}
   (You found it on level 2 of the Dungeon)

   +Blink:    It lets you blink.
   Will:      It increases your willpower.
   Stlth:     It makes you more stealthy.
Jewellery
 j - a +6 ring of intelligence
Wands
 t - a wand of light (10)
Scrolls
 e - a scroll of enchant armour
 g - 2 scrolls of magic mapping {unknown}
 h - 2 scrolls of fear {unknown}
 i - a scroll of acquirement {unknown}
 k - 2 scrolls of immolation {unknown}
 l - 4 scrolls of teleportation {unknown}
 n - a scroll of summoning {unknown}
 o - a scroll of vulnerability {unknown}
 q - a scroll of silence {unknown}
 r - a scroll of poison {unknown}
 s - a scroll of enchant weapon {unknown}
 v - a scroll of identify
Potions
 d - 3 potions of might
 f - a potion of curing
 m - a potion of flight


   Skills:
 + Level 4.3 Fighting
 * Level 5.1 Maces & Flails
 + Level 4.8 Armour
 + Level 0.6 Dodging
 + Level 4.2 Shields


You had 4 spell levels left.
You didn't know any spells.
Your spell library was empty.

Dungeon Overview and Level Annotations

Branches:
Dungeon (5/15)
 Temple: D:4-7

Altars:
Fedhas

Shops:
D:3 *


Innate Abilities, Weirdness & Mutations

You have a pair of horns on your head.
You reflexively headbutt those who attack you in melee.


Message History

You barely miss the adder.
The adder is moderately wounded.
The adder bites you. The adder bites you but does no damage.
The jelly hits you but does no damage.
You sock the adder!
You kill the adder!
You block the jelly's attack. You block the jelly's attack.
You see here an adder corpse.
You hit the jelly.
Your hands burn!
The jelly is moderately wounded.
You block the jelly's attack. The jelly hits you. The acid corrodes you!
You are splashed with acid.
You hit the jelly. The acid corrodes you!
Your hands burn!
The jelly is heavily wounded.
The jelly hits you. The acid corrodes you!
You are splashed with acid!
You hit the jelly.
Your hands burn!
* * * LOW HITPOINT WARNING * * *
The jelly is severely wounded.
The jelly barely misses you.
You hit the jelly but do no damage.
Your hands burn!
* * * LOW HITPOINT WARNING * * *
The jelly is severely wounded.
You block the jelly's attack. x2
You hit the jelly.
Your hands burn!
* * * LOW HITPOINT WARNING * * *
The jelly is almost dead.
You block the jelly's attack.
Okay, then.
Blink to where?
Press: ? - help, Dir - move target
As you read the scroll of blinking, it crumbles to dust.
You see here a potion of curing.
f - a potion of curing
Okay, then.
You hit the jelly but do no damage. The acid corrodes you!
Your hands burn!
* * * LOW HITPOINT WARNING * * *
The jelly is almost dead.
The jelly hits you.
You die...

############## #########
#........†...# #........
#........###.# #.#######
#........# #.# #.##.#
#........# #.########....#
#........# #.............#
#$..†....####################
+.....................>....>.
#..........J@..........[....#
########..############.####.#
#..# #.# #.# #..# #.# #.#
#..# #.# #.# ...# #+# #.#
###.# #.# #.#


You could see a jelly.

Vanquished Creatures
  2 hounds (D:5)
  Terence (D:3)
  5 adders
  3 worms (D:2)
  A dart slug (D:2)
  An orc (D:3)
  6 ball pythons
  5 endoplasms
  5 giant cockroaches
  A goblin (D:2)
  A hobgoblin (D:3)
  10 jackals
  2 quokkas (D:1)
  3 bats
  3 frilled lizards (D:2)
  9 kobolds
  4 rats
62 creatures vanquished.

Notes
Turn   | Place    | Note
-------+----------+-------------------------------------------
     0 | D:1      | Demigod47 the Minotaur Fighter began the quest for the Orb.
     0 | D:1      | Reached XP level 1. HP: 19/19 MP: 0/0
   116 | D:1      | Reached XP level 2. HP: 27/27 MP: 1/1
   594 | D:1      | Reached XP level 3. HP: 29/33 MP: 2/2
   599 | D:1      | Reached skill level 3 in Maces & Flails
   889 | D:2      | Reached XP level 4. HP: 40/40 MP: 3/3
  1181 | D:2      | Identified the +3 kite shield of Trumpets {+Blink Will+
                  | Stlth+}
  1216 | D:2      | Reached skill level 4 in Maces & Flails
  1615 | D:3      | Found Beintuts's General Store.
  1641 | D:3      | Found a blossoming altar of Fedhas.
  1737 | D:3      | Noticed Terence
  1744 | D:3      | Killed Terence
  1865 | D:3      | You fall into a shaft and drop 2 floors!
  1865 | D:5      | Entered Level 5 of the Dungeon
  1937 | D:5      | Reached XP level 5. HP: 47/47 MP: 4/4
  1949 | D:5      | Reached skill level 5 in Maces & Flails
  1991 | D:5      | HP: 2/47 [acid (4)]
  1991 | D:5      | Slain by a jelly

Illustrated notes

Levels and vault maps discovered:
D:1:      scummos_arrival_gate, layout_rooms, dreamdust_princess_corridor
D:2:      layout_basic, hangedman_decor_lopped
D:3:      layout_loops_cross, mainiacjoe_overflow_tiny_flanked,
          dreamdust_ecumenical_altar_drowned_temple, serial_shops, shop,
          uniq_terence
D:5:      layout_basic

Skill      XL: |  1  2  3  4  5 |
---------------+----------------+-----
Armour         | 4 |  4.8
Fighting       | 4 |  4.3
Shields        | 4 |  4.2
Maces & Flails | 3 4 5 |  5.1
Dodging        | |  0.6

Action                   |  1- 3 |  4- 6 || total
-------------------------+-------+-------++-------
Melee: Flail             |    76 |    71 ||   147
       Headbutt          |    11 |     3 ||    14
  Use: Potion            |     2 |     3 ||     5
       Scroll            |     2 |     1 ||     3
Armor: Scale mail        |    40 |    26 ||    66
Dodge: Dodged            |    42 |    42 ||    84
Block: Buckler           |    19 |     9 ||    28
       Kite shield       |       |    43 ||    43
